 Dungeon Crawl Stone Soup version 0.24.0-13-gcf9b319 (webtiles) character file.

Game seed: 16246724000067144532, levelgen mode: deterministic

139 Fortress the Conjurer (level 5, 0/38 HPs)
             Began as a Draconian Conjurer on Jan 7, 2020.
             Slain by an orc wizard
             ... wielding a +0 dagger
              (5 damage)
             ... on level 3 of the Dungeon.
             The game lasted 00:11:22 (2970 turns).

Fortress the Conjurer (Draconian Conjurer)          Turns: 2970, Time: 00:11:23

Health: 0/38       AC:  5    Str: 10    XL:     5   Next: 1%
Magic:  0/9        EV: 12    Int: 16    God:
Gold:   113        SH:  0    Dex: 12    Spells: 9/10 levels left

rFire    . . .     SeeInvis .   j - +1 mace (venom)
rCold    . . .     Gourm    .   (no shield)
rNeg     . . .     Faith    .   (armour unavailable)
rPois    .         Spirit   .   (helmet restricted)
rElec    .         Reflect  .   (no cloak)
rCorr    .         Harm     .   (no gloves)
MR       .....                  (no boots)
Stlth    ++........             (no amulet)
HPRegen  0.12/turn              (no ring)
MPRegen  0.11/turn              (no ring)

@: flying, very slightly contaminated
A: unfitting armour, cold-blooded, AC +5
a: no special abilities


You were on level 3 of the Dungeon.
You were not hungry.

You visited 1 branch of the dungeon, and saw 3 of its levels.

You collected 113 gold pieces.

Inventory:

Hand Weapons
 j - a +1 mace of venom (weapon)
Missiles
 g - 7 poisoned darts (quivered)
Scrolls
 a - a scroll of remove curse {unknown}
 c - a scroll of fog {unknown}
 d - a scroll of amnesia {unknown}
 i - 2 scrolls of blinking {unknown}
 k - 2 scrolls of identify
 l - a scroll of immolation {unknown}
Potions
 f - a potion of curing {unknown}
 h - 2 potions of cancellation
 n - a potion of berserk rage {unknown}
Comestibles
 b - 5 rations


   Skills:
 - Level 0.4 Maces & Flails
 - Level 2.0 Dodging
 - Level 2.0 Stealth
 + Level 3.1 Spellcasting
 + Level 5.5 Conjurations


You had 9 spell levels left.
You knew the following spells:

 Your Spells              Type           Power        Failure   Level  Hunger
a - Magic Dart            Conj           ###.         1%          1    #......

Your spell library contained the following spells:

 Spells                   Type           Power        Failure   Level  Hunger
 Searing Ray              Conj           ###...       3%          2    ##.....
 Dazzling Spray           Conj/Hex       ##....       19%         3    ###....
 Iskenderun's Mystic Bla  Conj           ###.....     19%         4    #####..
 Force Lance              Conj/Tloc      ##......     52%         4    #####..
 Fulminant Prism          Conj/Hex       ##........   52%         4    #####..


Dungeon Overview and Level Annotations

Branches:
Dungeon (3/15)

Altars:
Elyvilon
Qazlal


Innate Abilities, Weirdness & Mutations

Your plain brown scales are hard. (AC +5)
You cannot fit into any form of body armour.
You are cold-blooded and may be slowed by cold attacks.


Message History

You hit the orc wizard.
The orc wizard is poisoned.
The orc wizard is moderately wounded.
The orc wizard barely misses you.
You closely miss the orc wizard.
The orc wizard is heavily wounded.
The orc wizard misses you. The orc wizard casts a spell at you.
The puff of frost hits you.
* * * LOW HITPOINT WARNING * * *
The orc wizard gestures wildly while chanting.
The orc wizard blinks!
The orc wizard casts a cantrip, but nothing happens.
You closely miss the orc wizard. You tail-slap the orc wizard.
The orc wizard is severely wounded.
The orc wizard barely misses you. The orc wizard completely misses you.
It was a potion of flight.
You feel very buoyant.
You fly up into the air.
The orc wizard hits you with a +0 dagger.
You die...

############# ########
#...#.......#
#......#.#...#.......####
###......#.#...#...........
.........' #...#...........
.........###...#...........
..o....ooo@+.............).
........W###..............#
.##....o.# #..............#
#......###..............#
#....#..................#
..'....#..................#
###....#..............)...#
#..).#..........÷........
.'.....≈≈....≈...≈....###.


You could see a phantom, 3 orc wizards and an orc.

Vanquished Creatures
  Natasha (D:2)
  3 adders
  2 oozes
  A worm (D:2)
  A dart slug (D:1)
  A leopard gecko (D:1)
  10 orcs
  2 bats
  A giant cockroach (D:1)
  6 goblins
  3 hobgoblins
  16 jackals
  2 kobolds
  A quokka (D:3)
  A ball python (D:2)
  4 frilled lizards
  3 rats
58 creatures vanquished.

Notes
Turn   | Place    | Note
-------+----------+-------------------------------------------
     0 | D:1      | Fortress the Draconian Conjurer began the quest for the
                  | Orb.
     0 | D:1      | Reached XP level 1. HP: 14/14 MP: 3/3
   358 | D:1      | Reached XP level 2. HP: 17/20 MP: 0/5
   731 | D:1      | Reached XP level 3. HP: 26/26 MP: 4/6
  1255 | D:2      | Found a white marble altar of Elyvilon.
  1504 | D:2      | Reached skill level 5 in Conjurations
  1751 | D:2      | Reached XP level 4. HP: 19/33 MP: 4/7
  2078 | D:2      | Noticed Natasha
  2162 | D:2      | Killed Natasha
  2494 | D:3      | Found a stormy altar of Qazlal.
  2592 | D:3      | Found a faded altar of an unknown god.
  2922 | D:3      | Reached XP level 5. HP: 38/38 MP: 6/9
  2951 | D:3      | Noticed a phantom
  2970 | D:3      | Slain by an orc wizard

Levels and vault maps discovered:
D:1:      psy_arrival_basics, layout_basic
D:2:      layout_basic, lemuel_crystal_altar, uniq_natasha
D:3:      layout_basic, nicolae_qazlal_general_emergency,
          chequers_ecumenical_altar_island

Skill      XL: |  1  2  3  4 |
---------------+-------------+-----
Stealth        | 2 |  2.0
Dodging        | 2 |  2.0
Conjurations   | 5 |  5.5
Spellcasting   | 3 |  3.1
Maces & Flails | |  0.4

Action                   |  1- 3 |  4- 6 || total
-------------------------+-------+-------++-------
Melee: Dagger            |    95 |       ||    95
       Tailslap          |     7 |     1 ||     8
       Mace              |     7 |    22 ||    29
 Cast: Magic Dart        |    74 |    52 ||   126
  Use: Scroll            |       |     1 ||     1
       Potion            |       |     1 ||     1
 Stab: Sleeping          |     1 |       ||     1
  Eat: Chunk             |     4 |     4 ||     8
Armor: Skin              |    39 |     8 ||    47
Dodge: Dodged            |    89 |    32 ||   121
